 Dungeon Sprint DCSS version 0.21.2 (webtiles) character file.

260 Fang the Fighter (level 6, 0/45 HPs)
             Began as a Gargoyle Berserker on Sept 27, 2018.
             Was an Elder of Trog.
             Slain by a gnoll sergeant
             ... wielding a +0 trident
              (1 damage)
             ... in the Dungeon (Sprint VII: "The Pits").
             The game lasted 00:01:26 (510 turns).

Fang the Fighter (Gargoyle Berserker)                Turns: 510, Time: 00:01:28

Health: 0/45       AC: 14    Str: 22    XL:     6   Next: 17%
Magic:  6/6        EV: 11    Int:  8    God:    Trog [****..]
Gold:   0          SH:  0    Dex:  9    Spells: 5/5 levels left

rFire    . . .     SeeInvis .   m - +2 hand axe (chop)
rCold    . . .     Gourm    .   (no shield)
rNeg     + . .     Faith    .   n - +3 scale mail
rPois    ∞         Spirit   .   (no helmet)
rElec    +         Reflect  .   (no cloak)
rCorr    .         Harm     .   (no gloves)
MR       .....     NoTele   +   (no boots)
Stlth    ..........             (no amulet)
HPRegen  0.15/turn              (no ring)
MPRegen  0.10/turn              (no ring)

@: berserk cooldown, slowed, very slow
A: negative energy resistance 1, electricity resistance, unbreathing,
petrification resistance, rot immunity, AC +4
a: Berserk, Trog's Hand, Brothers in Arms, Burn Spellbooks, Renounce Religion


You were in the Dungeon.
You worshipped Trog.
Trog was greatly pleased with you.
You were very hungry.

You visited 1 branch

Inventory:

Hand Weapons
 j - a +2 hand axe
 m - a +2 hand axe of chopping (weapon)
Armour
 n - a +3 scale mail (worn)
Scrolls
 i - a scroll of blinking
 k - 3 scrolls of remove curse
 l - a scroll of summoning
Potions
 a - 2 potions of invisibility
 d - 6 potions of curing
 e - 6 potions of heal wounds
 f - a potion of haste
 g - 4 potions of magic
 h - 3 potions of berserk rage
Comestibles
 c - 9 rations


   Skills:
 + Level 8.6 Fighting
 + Level 7.8 Axes
 + Level 4.8 Armour
 + Level 4.0 Dodging


You had 5 spell levels left.
You didn't know any spells.

Dungeon Overview and Level Annotations

Branches:
Dungeon (1/1)

Altars:
Cheibriados
Dithmenos
Elyvilon
Fedhas
Gozag
Hepliaklqana
Makhleb
Nemelex Xobeh
Okawaru
Qazlal
Ru
Sif Muna
Trog
Vehumet
Wu Jian
Xom
Yredelemnul
Zin
The Shining One
Beogh
Jiyva
Lugonu

Annotations:
D Dowan, Duvessa


Innate Abilities, Weirdness & Mutations

You are resistant to torment.
Your stone body is resilient. (AC +4)
You are immune to poison.
You resist negative energy. (rN+)
You are resistant to electric shocks. (rElec)
You can survive without breathing.
You are immune to petrification.
You are immune to rotting.


Message History

Dowan points at you and mumbles some strange words.
The puff of frost hits you! The gnoll hits you but does no damage.
The wight hits you but does no damage.
The crimson imp shouts, "Scamper away, thou rank beetle-headed Cock-Lorel!"
The crimson imp closely misses you.
Duvessa hits you with a vampiric short sword.
* * * LOW HITPOINT WARNING * * *
Duvessa hits you but does no damage. The wight barely misses you.
The crimson imp blinks!
Duvessa hits you with a vampiric short sword.
* * * LOW HITPOINT WARNING * * *
The gnoll sergeant hits you but does no damage.
The wight closely misses you.
There is an open door here.
You fail to use your ability.
Dowan hits you but does no damage. Duvessa hits you but does no damage.
Dowan casts a spell.
Dowan blinks!
The gnoll sergeant hits you from afar with a trident.
You die...

#.#..#).#[[##.....
#.#.†'..#))#####'#
#.#.†####))##.....
#.#..#..#.)##.....
#.#..#..#..##.....
#.##'#..#'###...<.
#.#..†.....##.....
#.#........##.....
#@###########.....


#§eggzg.# ###### #§.z#gc.# #...# .# #5##.# #.. #.. #.. ... #.. ..+ #### ## You
could see Duvessa, a gnoll sergeant, a centaur, 2 wights and 3 gnolls.

Vanquished Creatures
  A flying skull (D)
  A wight (D)
  A worker ant (D)
  2 gnolls (D)
  An adder (D)
  An orc (D)
  A giant cockroach (D)
  A goblin (D)
  A frilled lizard (D)
  A quokka skeleton (D)
  2 rats (D)
13 creatures vanquished.

Notes
Turn   | Place    | Note
-------+----------+-------------------------------------------
     0 | D        | Fang the Gargoyle Berserker began the quest for the Orb.
     0 | D        | Reached XP level 1. HP: 14/14 MP: 1/1
    19 | D        | Found a bloodstained altar of Trog.
    19 | D        | Found a deep blue altar of Sif Muna.
    19 | D        | Found a viscous altar of Jiyva.
    19 | D        | Found a hazy altar of Hepliaklqana.
    19 | D        | Found an opulent altar of Gozag.
    20 | D        | Found a glowing golden altar of the Shining One.
    20 | D        | Found a glowing silver altar of Zin.
    20 | D        | Found a basalt altar of Yredelemnul.
    20 | D        | Found a shimmering altar of Xom.
    20 | D        | Found an ornate altar of the Wu Jian Council.
    20 | D        | Found a sacrificial altar of Ru.
    20 | D        | Found a stormy altar of Qazlal.
    20 | D        | Found an iron altar of Okawaru.
    20 | D        | Found a sparkling altar of Nemelex Xobeh.
    20 | D        | Found a burning altar of Makhleb.
    20 | D        | Found a blossoming altar of Fedhas.
    20 | D        | Found a white marble altar of Elyvilon.
    20 | D        | Found a shadowy altar of Dithmenos.
    20 | D        | Found a snail-covered altar of Cheibriados.
    24 | D        | Found a roughly hewn altar of Beogh.
    24 | D        | Found a corrupted altar of Lugonu.
    24 | D        | Found a radiant altar of Vehumet.
    69 | D        | Reached ** piety under Trog
    69 | D        | Reached skill level 4 in Fighting
    69 | D        | Reached XP level 2. HP: 8/20 MP: 2/2
   302 | D        | Reached skill level 5 in Fighting
   302 | D        | Reached XP level 3. HP: 26/26 MP: 3/3
   362 | D        | Reached *** piety under Trog
   492 | D        | Noticed Duvessa
   493 | D        | Noticed a flying skull
   493 | D        | Noticed a centaur
   493 | D        | Noticed a gnoll sergeant
   495 | D        | Noticed Dowan
   497 | D        | Reached **** piety under Trog
   497 | D        | Reached skill level 5 in Axes
   497 | D        | Reached XP level 4. HP: 32/32 MP: 4/4
   499 | D        | Reached skill level 6 in Fighting
   502 | D        | Killed a flying skull
   502 | D        | Reached skill level 8 in Fighting
   502 | D        | Reached XP level 5. HP: 28/40 MP: 5/5
   502 | D        | Reached XP level 6. HP: 32/45 MP: 6/6
   509 | D        | HP: 1/45 [Duvessa/vampiric short sword (6)]
   510 | D        | Slain by a gnoll sergeant

Skill      XL: |  1  2  3  4 |
---------------+-------------+-----
Axes           | 3 4 5 7 |  7.8
Fighting       | 4 5 8 |  8.6
Dodging        | 2 4 |  4.0
Armour         | 3 4 |  4.8

Action                   |  1- 3 |  4- 6 || total
-------------------------+-------+-------++-------
Melee: Hand axe          |    23 |    10 ||    33
Invok: Berserk           |     3 |       ||     3
Armor: Animal skin       |     7 |       ||     7
       Scale mail        |     3 |    22 ||    25
Dodge: Dodged            |    16 |    11 ||    27
